 Dungeon Crawl Stone Soup version 0.19-a0-376-gf780d9b (webtiles) character file.

37 ololoev the Magician (level 3, -1/19 HPs)
             Began as a Deep Elf Fire Elementalist on May 30, 2016.
             Slain by a worker ant (5 damage)
             ... on level 4 of the Dungeon.
             The game lasted 00:02:01 (271 turns).

ololoev the Magician (Deep Elf Fire Elementalist)    Turns: 271, Time: 00:02:02

Health: -1/19      AC:  2    Str:  5    XL:     3   Next: 21%
Magic:  0/10       EV: 13    Int: 20    God:
Gold:   25         SH:  0    Dex: 15    Spells: 3 memorised, 2 levels left

rFire  . . .     SeeInvis .     a - +0 trident
rCold  . . .     Gourm    .     e - +0 robe
rNeg   . . .     Faith    .     (no shield)
rPois  .         Spirit   .     (no helmet)
rElec  .         Dismiss  .     (no cloak)
rCorr  .         Reflect  .     (no gloves)
SustAt .         Harm     .     (no boots)
MR     .....                    (no amulet)
Stlth  ++........               (no ring)
                                (no ring)

@: lethally poisoned (-1 -> -9), not resistant to hostile enchantments,
unstealthy
A: no striking features
a: no special abilities

Inventory:

Hand Weapons
 a - a +0 trident (weapon)
Armour
 e - a +0 robe (worn)
Scrolls
 h - a scroll of enchant weapon {unknown}
Potions
 d - a potion of cure mutation {unknown}
 g - a potion of flight {unknown}
Books
 b - a book of Flames

   Spells                             Type                      Level
   a - Flame Tongue                   Conjuration/Fire             1
   b - Throw Flame                    Conjuration/Fire             2
   c - Conjure Flame                  Conjuration/Fire             3
   d - Inner Flame                    Hexes/Fire                   3
   e - Sticky Flame                   Conjuration/Fire             4
   f - Fireball                       Conjuration/Fire             5
Comestibles
 c - 2 bread rations
 f - 4 chunks of flesh


   Skills:
 - Level 2.4 Dodging
 - Level 2.4 Stealth
 + Level 3.5 Spellcasting
 * Level 2.8 Conjurations
 + Level 3.5 Fire Magic


You had 2 spell levels left.
You knew the following spells:

 Your Spells              Type           Power        Failure   Level  Hunger
a - Flame Tongue          Conj/Fire      ###..        3%          1    None
b - Conjure Flame         Conj/Fire      ###.....     12%         3    ###....
e - Inner Flame           Hex/Fire       ##......     21%         3    ###....


You were on level 4 of the Dungeon.
You were not hungry.

You visited 1 branch of the dungeon, and saw 5 of its levels.

You collected 25 gold pieces.

#..........#
####.#######
#.# #.# #.#
#.# #.#
#>##########.
#....@a......
#####.###.##.
#.# #.# #.#
#.. ###

Notes
Turn   | Place    | Note
--------------------------------------------------------------
     0 | D:1      | ololoev the Deep Elf Fire Elementalist began the quest for the Orb.
     0 | D:1      | Reached XP level 1. HP: 10/10 MP: 6/6
   102 | D:3      | Reached XP level 2. HP: 15/15 MP: 5/8
   140 | D:4      | Noticed Eustachio
   197 | D:5      | Entered Level 5 of the Dungeon
   230 | D:5      | Reached XP level 3. HP: 19/19 MP: 0/10
   235 | D:5      | Learned a level 3 spell: Conjure Flame
   239 | D:5      | Learned a level 3 spell: Inner Flame
   271 | D:4      | Slain by a worker ant

Dungeon Overview and Level Annotations

Branches:
Dungeon (5/15)
 Temple: D:4-7

Altars:

Annotations:
D:4 Eustachio


Message History

Memorise Inner Flame, consuming 3 spell levels and leaving 2?
You start memorising the spell.
You continue memorising. x3
You finish memorising.
Spell assigned to 'c'.
Adjust (i)tems, (s)pells, or (a)bilities?
Adjust which spell? c - Inner Flame Adjust to which letter? e - Inner Flame You climb upwards.
Level annotation: Eustachio
There is a stone staircase leading down here.
Your magical contamination has completely faded away.
There is a stone staircase leading down here.
A worker ant comes into view.
The worker ant twitches its antennae in your direction.
Casting: Flame Tongue
Confirm with . or Enter, or press ? or * to list all spells.
Aiming: Conjure Flame
Press: ? - help, Dir - move target cursor The fire roars!
Attack whom?
Press: ? - help, Dir - move target cursor, f - worker ant
Aim: a worker ant You reach to attack!
You closely miss the worker ant.
Attack whom?
Press: ? - help, Dir - move target cursor, f/p - worker ant
Aim: a worker ant You reach to attack!
You closely miss the worker ant.
Attack whom?
Press: ? - help, Dir - move target cursor, f/p - worker ant
Aim: a worker ant You reach to attack!
You closely miss the worker ant.
Attack whom?
Press: ? - help, Dir - move target cursor, f/p - worker ant
Aim: a worker ant You reach to attack!
You closely miss the worker ant.
Attack whom?
Press: ? - help, Dir - move target cursor, f/p - worker ant
Aim: a worker ant You reach to attack!
You closely miss the worker ant.
Attack whom?
Press: ? - help, Dir - move target cursor, f/p - worker ant
Aim: a worker ant You reach to attack!
You closely miss the worker ant.
Attack whom?
Press: ? - help, Dir - move target cursor, f/p - worker ant
Aim: a worker ant You reach to attack!
You hit the worker ant but do no damage.
Attack whom?
Press: ? - help, Dir - move target cursor, f/p - worker ant
Aim: a worker ant You reach to attack!
You hit the worker ant but do no damage.
Attack whom?
Press: ? - help, Dir - move target cursor, f/p - worker ant
Aim: a worker ant You reach to attack!
You hit the worker ant.
The worker ant is lightly wounded.
Casting: Conjure Flame
Confirm with . or Enter, or press ? or * to list all spells.
Aiming: Flame Tongue
Press: ? - help, Shift-Dir - straight line, f/p - worker ant
Aim: a worker ant (lightly wounded)
The flame tongue misses the worker ant.
Casting: Flame Tongue
Confirm with . or Enter, or press ? or * to list all spells.
Aiming: Flame Tongue
Press: ? - help, Shift-Dir - straight line, f/p - worker ant
Aim: a worker ant (lightly wounded)
The flame tongue misses the worker ant.
The worker ant bites you. x2
You are poisoned.
The worker ant poisons you!
You hit the worker ant.
The worker ant is moderately wounded.
You feel sick. The worker ant bites you!
You hit the worker ant.
The worker ant is heavily wounded.
You feel sick. The worker ant closely misses you. The worker ant bites you.
You die...

You could see a worker ant.

Vanquished Creatures
  2 gnolls (D:5)
  3 orcs (D:4)
  A goblin (D:2)
  2 hobgoblins
  3 jackals
  A bat (D:1)
  3 giant newts
  A rat (D:2)
16 creatures vanquished.

Action                   || total
-------------------------++-------
Melee: Trident           ||    12
 Cast: Flame Tongue      ||    27
       Conjure Flame     ||     1
Dodge: Dodged            ||     8

Vault maps used:
D:1:      nicolae_arrival_washed_ashore
D:2:      ecumenical_altar_1, minmay_misc_feat_pillars, uniq_iyjb
D:3:      first_bread, interstate_on_off
D:4:      nicolae_qazlal_style_of_elements, fedhas_altar_4,
          serial_park_tiny_pond, corexii_item_surrounded_by_moat, uniq_eustachio
D:5:      grunt_temple_overflow_gold_and_silver, minmay_temple_entry_nine_rooms
